 Dungeon Sprint DCSS version 0.27-a0-597-g524d869a0f (webtiles) character file.

Game seed: 10432572533406738013

112 rocky1 the Sneak (level 4, 0/54 HPs)
             Began as a Naga Hedge Wizard on Mar 12, 2021.
             Was a Believer of Sif Muna.
             Slain by a water moccasin (4 damage)
             ... in the Dungeon (Sprint VII: "The Pits").
             The game lasted 00:02:47 (379 turns).

rocky1 the Sneak (Naga Hedge Wizard)                 Turns: 379, Time: 00:02:48

Health: 0/54       AC:  2    Str: 12    XL:     4   Next: 93%
Magic:  3/10       EV: 10    Int: 15    God:    Sif Muna [**....]
Gold:   0          SH:  0    Dex: 11    Spells: 1/12 levels left

rFire    . . .     SeeInvis +   b - +2 dagger
rCold    . . .     Faith    .   (no shield)
rNeg     . . .     Spirit   .   n - +0 robe
rPois    +         Reflect  .   c - +0 hat
rElec    .         Harm     .   (no cloak)
rCorr    .         Rampage  .   (no gloves)
Will     .....     NoTele   +   (no barding)
Stlth    ..........             (no amulet)
HPRegen  0.18/turn              (no ring)
MPRegen  0.12/turn              (no ring)

@: berserking (expiring), quick
A: large, see invisible, deformed body, poison resistance, slowness 2, spit
poison 1, naga tail 1, AC +1
a: Spit Poison, Renounce Religion, Channel Magic


You were in the Dungeon.
You worshipped Sif Muna.
Sif Muna was pleased with you.
You visited 1 branch

Inventory:

Hand Weapons
 a - a +2 quarterstaff
 b - a +2 dagger (weapon)
Armour
 c - a +0 hat (worn)
 n - a +0 robe (worn)
Scrolls
 j - a scroll of blinking
 k - 5 scrolls of amnesia
 l - a scroll of summoning
Potions
 d - 2 potions of invisibility
 e - a potion of curing
 g - a potion of haste
 h - 4 potions of magic
 i - 2 potions of berserk rage


   Skills:
 + Level 3.4 Dodging
 + Level 6.3 Stealth
 + Level 4.5 Spellcasting
 + Level 3.7 Conjurations
 - Level 3.7 Summonings
 + Level 3.6 Translocations
 + Level 0.1 Air Magic
 + Level 0.3 Poison Magic
 + Level 0.1 Invocations


You had one spell level left.
You knew the following spells:

 Your Spells              Type           Power      Damage    Failure   Level
a - Magic Dart            Conj           56%        1d5       3%          1
b - Blink                 Tloc           N/A        N/A       5%          2
c - Mephitic Cloud        Conj/Pois/Air  7%         N/A       28%         3
d - Slow                  Hex            3%         N/A       26%         2
e - Conjure Flame         Conj/Fire      9%         6-21      24%         3

Your spell library contained the following spells:

 Spells                   Type           Power      Damage    Failure   Level
 Call Imp                 Summ           14%        N/A       5%          2


Dungeon Overview and Level Annotations

Branches:
Dungeon (1/1)

Altars:
Ashenzari
Cheibriados
Dithmenos
Elyvilon
Fedhas
Gozag
Hepliaklqana
Kikubaaqudgha
Makhleb
Nemelex Xobeh
Okawaru
Qazlal
Ru
Sif Muna
Trog
Uskayaw
Vehumet
Wu Jian
Xom
Yredelemnul
Zin
The Shining One
Beogh
Jiyva
Lugonu


Innate Abilities, Weirdness & Mutations

Your serpentine skin is tough. (AC +1)
You have supernaturally acute eyesight. (SInv)
Armour fits poorly on your strangely shaped body.
Your system is resistant to poisons. (rPois)
You cover ground very slowly.
You can spit poison.
You have a snake-like lower body.


Message History

You don't have enough magic to cast this spell.
You closely miss the water moccasin.
The water moccasin is lightly wounded.
The water moccasin completely misses you.
The water moccasin bites you.
Unknown command.
A red film seems to cover your vision as you go berserk!
You feel yourself moving faster!
You feel mighty! The water moccasin bites you.
Unknown command.
You barely miss the water moccasin.
The water moccasin is lightly wounded.
The water moccasin closely misses you.
You miss the water moccasin.
The water moccasin is lightly wounded.
The water moccasin bites you!
* * * LOW HITPOINT WARNING * * *
You closely miss the water moccasin.
The water moccasin is lightly wounded.
The water moccasin bites you.
* * * LOW HITPOINT WARNING * * *
You barely miss the water moccasin.
The water moccasin is lightly wounded.
The water moccasin bites you.
* * * LOW HITPOINT WARNING * * *
You closely miss the water moccasin.
The water moccasin is lightly wounded.
The water moccasin barely misses you.
You closely miss the water moccasin.
The water moccasin is lightly wounded.
The water moccasin misses you.
Your magical contamination has completely faded away.
You puncture the water moccasin!
The water moccasin is heavily wounded.
The water moccasin completely misses you.
You barely miss the water moccasin.
The water moccasin is heavily wounded.
You closely miss the water moccasin.
The water moccasin is heavily wounded.
The water moccasin bites you.
You die...

_________.# _________.#
_______...###########++
##########'##...........
#.?(.')))'.##......#..#.
##########.##...........
#...........'...........
#+#####†#####......#..#.
#...#@# #...........
#...#S# ####'#####++
#...'h# #.......#
##'#### #.......#
#.....# #.......#
#††...# #...<...#
#........ #.......#
#........##.......#
###########.......#


You could see a water moccasin and a jackal.

Vanquished Creatures
  A floating eye (D)
  2 jackals (D)
  2 quokkas (D)
  2 bats (D)
  A frilled lizard (D)
  A rat (D)
9 creatures vanquished.

Notes
Turn   | Place    | Note
-------+----------+-------------------------------------------
     0 | D        | rocky1 the Naga Hedge Wizard began the quest for the Orb.
     0 | D        | Reached XP level 1. HP: 15/15 MP: 4/4
   188 | D        | Found a bloodstained altar of Trog.
   188 | D        | Found a shimmering blue altar of Sif Muna.
   188 | D        | Found a viscous altar of Jiyva.
   188 | D        | Found a hazy altar of Hepliaklqana.
   188 | D        | Found an opulent altar of Gozag.
   189 | D        | Found a glowing golden altar of the Shining One.
   189 | D        | Found a glowing silver altar of Zin.
   189 | D        | Found a basalt altar of Yredelemnul.
   189 | D        | Found a shimmering altar of Xom.
   189 | D        | Found an ornate altar of the Wu Jian Council.
   189 | D        | Found a sacrificial altar of Ru.
   189 | D        | Found a stormy altar of Qazlal.
   189 | D        | Found an iron altar of Okawaru.
   189 | D        | Found a sparkling altar of Nemelex Xobeh.
   189 | D        | Found a burning altar of Makhleb.
   189 | D        | Found a blossoming altar of Fedhas.
   189 | D        | Found a white marble altar of Elyvilon.
   189 | D        | Found a shadowy altar of Dithmenos.
   189 | D        | Found a snail-covered altar of Cheibriados.
   192 | D        | Found a corrupted altar of Lugonu.
   192 | D        | Found a radiant altar of Vehumet.
   193 | D        | Found an ancient bone altar of Kikubaaqudgha.
   193 | D        | Found a hide-covered altar of Uskayaw.
   193 | D        | Found a broken altar of Ashenzari.
   194 | D        | Became a worshipper of Sif Muna the Loreminder
   281 | D        | Noticed a floating eye
   286 | D        | Paralysed by a floating eye for 4 turns
   291 | D        | Killed a floating eye
   291 | D        | Reached * piety under Sif Muna
   292 | D        | Reached skill level 6 in Stealth
   292 | D        | Reached XP level 2. HP: 22/22 MP: 4/7
   292 | D        | Reached XP level 3. HP: 28/28 MP: 5/9
   292 | D        | Reached XP level 4. HP: 36/36 MP: 5/10
   336 | D        | Learned a level 2 spell: Blink
   340 | D        | Learned a level 3 spell: Mephitic Cloud
   343 | D        | Learned a level 2 spell: Slow
   347 | D        | Learned a level 3 spell: Conjure Flame
   349 | D        | Reached ** piety under Sif Muna
   351 | D        | Noticed a water moccasin
   379 | D        | Slain by a water moccasin

Illustrated notes

Levels and vault maps discovered:
D:        pitsprint [storerooms_1, entrance_room_1, metal_vault_5, armoury_1,
          mini_pit_1, grid_room_1, main_hall_1, silver_pit, the_coven_1,
          the_vestibule_1, steel_vault_3, golden_pit, hallway_of_sentries,
          crystal_vault_5, iron_vault_1, final_vault]

Skill      XL: |  1 |
---------------+----+-----
Dodging        | 3 |  3.4
Stealth        | 6 |  6.3
Spellcasting   | 4 |  4.5
Conjurations   | 3 |  3.7
Summonings     | 3 |  3.7
Translocations | 3 |  3.6
Air Magic      | |  0.1
Poison Magic   | |  0.3
Invocations    | |  0.1

Action                   |  1- 3 |  4- 6 || total
-------------------------+-------+-------++-------
Melee: Dagger            |    10 |    15 ||    25
       Quarterstaff      |     1 |       ||     1
 Cast: Magic Dart        |     4 |     6 ||    10
       Blink             |       |     1 ||     1
  Use: Potion            |       |     2 ||     2
Armor: Robe              |     1 |     3 ||     4
Dodge: Dodged            |     1 |    18 ||    19

Table legend: (Time is in decaauts)
 A = Elapsed time spent in this place.
 B = Non-inter-level travel time spent in this place.
 C = Inter-level travel time spent in this place.
 D = Time resting spent in this place.
 E = Time spent auto-exploring this place.
 F = Levels seen in this place.
 G = Mean time per level.
                   A        B        C        D        E       F      G
               +--------+--------+--------+--------+--------+-----+--------+
         Total |    403 |    403 |      0 |    238 |      0 |   1 |  403.0 |
       Dungeon |    403 |    403 |      0 |    238 |      0 |   1 |  403.0 |
               +--------+--------+--------+--------+--------+-----+--------+

Top non-repeatable levels by time:
       D: 403 daAuts
